 Dungeon Crawl Stone Soup version 0.21.0-25-ge575cb9 (webtiles) character file.

839 Monsterracer the Carver (level 7, 0/58 HPs)
             Began as a Minotaur Monk on Jan 24, 2018.
             Slain by an orc priest
             ... wielding a +0 short sword
              (4 damage)
             ... on level 5 of the Dungeon.
             The game lasted 00:15:03 (9573 turns).

Monsterracer the Carver (Minotaur Monk)             Turns: 9573, Time: 00:15:03

Health: 0/58       AC:  6    Str: 16    XL:     7   Next: 67%
Magic:  6/6        EV: 18    Int:  7    God:
Gold:   188        SH:  0    Dex: 14    Spells: 6/6 levels left

rFire    . . .     SeeInvis .   a - +0 long sword {!a}
rCold    . . .     Gourm    .   (no shield)
rNeg     . . .     Faith    .   b - +0 robe
rPois    +         Spirit   .   (helmet restricted)
rElec    .         Reflect  .   q - +0 cloak
rCorr    .         Harm     .   p - +0 pair of gloves
MR       .....                  i - +1 pair of boots
Stlth    ++........             (no amulet)
HPRegen  0.19/turn              k - +2 ring of evasion
MPRegen  0.10/turn              j - ring of poison resistance {!d}

@: no status effects
A: retaliatory headbutt, horns 2
a: no special abilities


You were on level 5 of the Dungeon.
You were hungry.

You visited 1 branch of the dungeon, and saw 6 of its levels.

You collected 188 gold pieces.

Inventory:

Hand Weapons
 a - a +0 long sword (weapon) {!a}
Armour
 b - a +0 robe (worn)
 f - a scarf of spirit shield
 i - a +1 pair of boots (worn)
 p - a +0 pair of gloves (worn)
 q - a +0 cloak (worn)
Jewellery
 g - an uncursed ring of ice
 j - a ring of poison resistance (right hand) {!d}
 k - a +2 ring of evasion (left hand)
Wands
 s - a wand of digging (16)
 t - a wand of iceblast (11)
Scrolls
 l - a scroll of enchant weapon
 m - 3 scrolls of remove curse
 o - a scroll of fear {!r}
Potions
 d - a potion of heal wounds
 e - a potion of ambrosia {unknown}
 h - a potion of curing
 n - a potion of berserk rage {unknown}
 u - a potion of flight
 w - 2 potions of haste
Comestibles
 c - 4 rations


   Skills:
 - Level 3.9 Fighting
 * Level 9.0 Long Blades
 + Level 6.3 Dodging
 - Level 2.0 Stealth


You had 6 spell levels left.
You didn't know any spells.

Dungeon Overview and Level Annotations

Branches:
Dungeon (6/15)
 Temple: D:4-7

Altars:
Kikubaaqudgha
Makhleb
Sif Muna
Trog
Xom
Yredelemnul
Zin

Shops:
D:4 :


Innate Abilities, Weirdness & Mutations

You reflexively headbutt those who attack you in melee.
You have a pair of horns on your head.


Message History

The orc wizard looks braver for a moment.
You take 8 damage, and have 46/58 hp.
The orc wizard barely misses you. You furiously retaliate!
You headbutt the orc wizard.
You riposte.
You slash the orc wizard!
You kill the orc wizard!
Your Long Blades skill increases to level 9!
You are feeling very hungry.
You see here an orc corpse.
You butcher the orc corpse.
r - a chunk of flesh
Things that are here:
a dagger of freezing; a robe; an orc corpse You start resting.
Eating a chunk of flesh.
You eat the chunk of flesh.
This raw flesh tastes terrible.
HP restored.
Health restored: 58
There is a stone staircase leading down here.
You climb downwards.
There is a stone staircase leading up here.
There is a stone staircase leading up here.
An orc priest is nearby!
The orc priest looks encouraged for a moment.
The orc priest mumbles some strange prayers to Beogh against you.
Beogh smites you!
You take 7 damage, and have 51/58 hp.
The orc priest invokes the aid of Beogh against you.
Pain shoots through your body!
The orc priest invokes the aid of Beogh against you.
You struggle to resist.
You take 9 damage, and have 42/58 hp.
The orc priest mumbles some strange prayers to Beogh against you.
Beogh smites you!
You take 11 damage, and have 32/58 hp.
There is a stone staircase leading up here.
You climb upwards.
There is a stone staircase leading down here.
You start resting.
You are feeling hungry.
You climb downwards.
The orc priest mumbles some strange prayers to Beogh against you.
Beogh smites you!
There is a stone staircase leading up here.
You regained 2 hp, and now have 35/58 hp.
You climb upwards.
There is a stone staircase leading down here.
You start resting.
HP restored.
Health restored: 58 You climb downwards.
The orc priest hits you but does no damage.
The orc priest invokes the aid of Beogh against you.
You struggle to resist.
There is a stone staircase leading up here.
The orc priest calls down the wrath of Beogh upon you.
Pain shoots through your body!
The orc priest begins to cast a cantrip, but forgets the words!
You climb upwards.
There is a stone staircase leading down here.
You take 11 damage, and have 47/58 hp.
The orc priest completely misses you.
The orc priest hits you with a short sword!
You take 8 damage, and have 39/58 hp.
The orc priest hits you with a short sword.
You take 3 damage, and have 36/58 hp.
The orc priest hits you but does no damage.
The orc priest hits you but does no damage.
The orc priest barely misses you. You furiously retaliate!
You headbutt the orc priest.
The orc priest hits you but does no damage.
The orc priest hits you with a short sword.
You take 1 damage, and have 36/58 hp.
The orc priest mumbles some strange prayers to Beogh against you.
Pain shoots through your body!
* * * LOW HITPOINT WARNING * * *
You take 14 damage, and have 22/58 hp.
MASSIVE DAMAGE!!
The orc priest misses you. The orc priest barely misses you.
The orc priest hits you with a short sword.
* * * LOW HITPOINT WARNING * * *
You take 1 damage, and have 22/58 hp.
The orc priest calls down the wrath of Beogh upon you.
You struggle to resist.
The orc priest barely misses you.
The orc priest hits you with a short sword!
* * * LOW HITPOINT WARNING * * *
You take 7 damage, and have 15/58 hp.
The orc priest calls down the wrath of Beogh upon you.
Beogh smites you!
* * * LOW HITPOINT WARNING * * *
You take 12 damage, and have 3/58 hp.
MASSIVE DAMAGE!!
The orc priest hits you but does no damage.
The orc priest barely misses you.
You riposte.
You barely miss the orc priest.
The orc priest is lightly wounded.
The orc priest miscasts a cantrip.
The orc priest closely misses you.
You riposte.
You hit the orc priest.
The orc priest is heavily wounded.
The orc priest barely misses you.
The orc priest looks satisfied for a moment.
The orc priest hits you with a short sword.
You die...

#.####.####.##...........###
#.##.....##.#.....###......#
#.#.......#.##....# ####.#.#####
#.#.......#.....#.# #..........#
#....._.....###.#.###..#.#.###.#
#.#.......#.# #.#........#.# #.#
#.#.......#.###'#####......# #.#
##.##.....##.##.o.## #...##.# #<#
#..####.####.#..@..###...##.###.#
#...................##..........#
#.#.#....###.........#......#####
#..........'.........'...........
###.#...####....[....###....#####
#.##.## ##.......## #.#.## #.####
##.....## #.### #.# #.....## #.#
#.# ###..#'## #.#


You could see an orc priest.

Vanquished Creatures
  2 centaurs
  A bullfrog (D:4)
  A scorpion (D:4)
  A howler monkey (D:5)
  A crimson imp (D:5)
  2 bullfrog zombies
  2 jellies (D:5)
  2 orc priests
  A bullfrog skeleton (D:5)
  An iguana (D:4)
  2 orc wizards
  2 worker ants (D:5)
  4 adders
  An adder skeleton (D:6)
  An adder zombie (D:4)
  2 worms
  2 dart slugs (D:1)
  3 leopard geckos
  16 orcs
  2 giant cockroaches
  7 goblins
  8 hobgoblins
  5 jackals
  7 kobolds
  5 quokkas
  A ball python (D:3)
  5 bats
  3 frilled lizards
  2 gnoll zombies (D:2)
  2 quokka skeletons
  6 rats
100 creatures vanquished.

Vanquished Creatures (others)
  A withered plant (D:5)
1 creature vanquished.

Grand Total: 101 creatures vanquished

Notes
Turn   | Place    | Note
-------+----------+-------------------------------------------
     0 | D:1      | Monsterracer the Minotaur Monk began the quest for the Orb.
     0 | D:1      | Reached XP level 1. HP: 19/19 MP: 0/0
   172 | D:1      | HP: 8/20 [dart slug (3)]
   526 | D:1      | Reached XP level 2. HP: 26/27 MP: 1/1
  1258 | D:1      | Reached skill level 4 in Long Blades
  1552 | D:2      | HP: 12/27 [worm (6)]
  1754 | D:2      | Reached XP level 3. HP: 30/33 MP: 2/2
  2295 | D:2      | Found a basalt altar of Yredelemnul.
  2501 | D:2      | Found a bloodstained altar of Trog.
  2646 | D:2      | Found a bloodstained altar of Trog.
  2840 | D:2      | HP: 15/33 [worm (8)]
  3110 | D:3      | HP: 15/33 [orc/hand axe (4)]
  3115 | D:3      | HP: 15/33 [orc/hand axe (1)]
  3119 | D:3      | HP: 3/33 [orc/hand axe (5)]
  3418 | D:3      | Reached XP level 4. HP: 39/40 MP: 3/3
  3542 | D:2      | Reached skill level 5 in Long Blades
  4229 | D:3      | HP: 17/40 [orc priest/trident (7)]
  4231 | D:3      | HP: 2/40 [orc priest/divine providence (15)]
  4851 | D:4      | Found Gujaik's Book Emporium.
  4940 | D:4      | Reached skill level 6 in Long Blades
  4940 | D:4      | Reached XP level 5. HP: 43/46 MP: 4/4
  4991 | D:4      | HP: 21/46 [worm (10)]
  4994 | D:4      | HP: 9/46 [worm (6)]
  5869 | D:4      | HP: 17/46 [iguana (7)]
  5870 | D:4      | HP: 8/46 [iguana (9)]
  5923 | D:4      | Reached skill level 5 in Dodging
  5923 | D:4      | Reached XP level 6. HP: 19/52 MP: 5/5
  6185 | D:5      | Entered Level 5 of the Dungeon
  6407 | D:5      | Reached skill level 7 in Long Blades
  7214 | D:5      | Reached XP level 7. HP: 36/58 MP: 6/6
  7344 | D:5      | Found a shimmering altar of Xom.
  7345 | D:5      | Noticed an angel
  7345 | D:5      | Found a glowing silver altar of Zin.
  7360 | D:5      | Reached skill level 8 in Long Blades
  7481 | D:5      | Found a burning altar of Makhleb.
  7857 | D:5      | Found a deep blue altar of Sif Muna.
  7878 | D:5      | HP: 29/58 [orc priest/divine providence (14)]
  8392 | D:6      | HP: 28/58 [orc priest/divine providence (15)]
  9106 | D:5      | Found an ancient bone altar of Kikubaaqudgha.
  9272 | D:5      | Reached skill level 9 in Long Blades
  9559 | D:5      | HP: 22/58 [orc priest/nerve-wracking pain (14)]
  9565 | D:5      | HP: 15/58 [orc priest/short sword (7)]
  9566 | D:5      | HP: 3/58 [orc priest/divine providence (13)]
  9573 | D:5      | Slain by an orc priest

Skill      XL: |  1  2  3  4  5  6  7 |
---------------+----------------------+-----
Stealth        | 2 |  2.0
Long Blades    | 4 6 7 9 |  9.0
Dodging        | 4 5 6 |  6.3
Fighting       | |  3.9

Action                   |  1- 3 |  4- 6 |  7- 9 || total
-------------------------+-------+-------+-------++-------
Melee: Headbutt          |    11 |    11 |    11 ||    33
       Falchion          |       |     2 |       ||     2
  Use: Scroll            |       |    12 |     1 ||    13
       Potion            |       |       |     1 ||     1
  Eat: Chunk             |     7 |     8 |     7 ||    22
       Ration            |       |     1 |       ||     1
Armor: Robe              |    53 |    58 |    24 ||   135
Dodge: Dodged            |   198 |   235 |   126 ||   559
       Rpst.: Falchion   |    52 |    71 |     9 ||   132
       Long sword        |       |       |    28 ||    28

Vault maps used:
D:1:      co_arrival_random_square_maze, minivault_23, minmay_cut_off
D:2:      lemuel_zombie_altar_yredelemnul, lightli_temple_of_fire, first_ration,
          trog_hazing_becter
D:4:      serial_shops, nicolae_shop_trees
D:5:      grunt_temple_overflow_order_and_chaos_1,
          nicolae_overflow_crystal_walls, kiku_gazebo_garden_becter,
          old_standard_altar
D:6:      minmay_temple_entry_enclosed_plants, uniq_blork_the_orc,
          uniq_prince_ribbit1
